 Dungeon Crawl Stone Soup version 0.28-a0-511-gcc94558de3 (webtiles) character file.

Game seed: 18162924134761552479

0 meatgazer the Skirmisher (level 1, 0/18 HPs)
             Began as a Demonspawn Abyssal Knight on Sept 21, 2021.
             Was a Follower of Lugonu.
             Slain by a thrashing horror (14 damage)
             ... on level 4 of the Abyss.
             The game lasted 00:00:29 (151 turns).

meatgazer the Skirmisher (Demonspawn Abyssal Knight) Turns: 151, Time: 00:00:29

Health: 0/18       AC:  3    Str: 13    XL:     1   Next: 0%
Magic:  2/2        EV: 11    Int: 11    God:    Lugonu [*.....]
Gold:   17         SH:  0    Dex: 13    Spells: 0/0 levels left

rFire   . . .      SeeInvis .   a - +1 hand axe
rCold   . . .      Faith    .   (no shield)
rNeg    . . .      Spirit   .   b - +0 leather armour
rPois   .          Reflect  .   (no helmet)
rElec   .          Harm     .   (no cloak)
rCorr   .          Rampage  .   (no gloves)
Will    .....                   (no boots)
Stlth   +.........              (no amulet)
HPRegen 0.06/turn               (no ring)
MPRegen 0.08/turn               (no ring)

@: no status effects
A: no striking features
a: Renounce Religion, Depart the Abyss


You were on level 4 of the Abyss.
You worshipped Lugonu.
Lugonu was aware of your devotion.
You visited 0 branches of the dungeon, and saw 0 of its levels.
You visited the Abyss 1 time.

You collected 17 gold pieces.

Inventory:

Hand Weapons
 a - a +1 hand axe (weapon)
Armour
 b - a +0 leather armour (worn)


   Skills:
 + Level 3.0 Fighting
 + Level 1.7 Axes
 + Level 1.7 Armour
 + Level 0.8 Dodging
 + Level 2.4 Invocations


You couldn't memorise any spells.
You didn't know any spells.
Your spell library contained the following spells:

 Spells                   Type           Power      Damage    Failure   Level
 Dazzling Flash           Conj/Hex       0%         N/A       80%         3
 Agony                    Necr           0%         N/A       100%        5
 Silence                  Hex/Air        0%         N/A       100%        5


Dungeon Overview and Level Annotations

Branches:
Dungeon (0/15)

Altars:


Message History

Lugonu says: Depart the Abyss and spread corruption, my servant! (use the ability menu to exit the Abyss) Press ? for a list of commands and other information.
Found a corrupted altar of Lugonu.
You now have 17 gold pieces.
Found a gateway leading deeper into the Abyss.
There is a gateway leading deeper into the Abyss here.
You plunge deeper into the Abyss.
Found a gateway leading deeper into the Abyss.
Found 17 gold pieces.
There is a gateway leading deeper into the Abyss here.
You plunge deeper into the Abyss.
The abyssal rune of Zot can be found at this depth.
Found a gateway leading deeper into the Abyss.
There is a gateway leading deeper into the Abyss here.
You plunge deeper into the Abyss.
The abyssal rune of Zot can be found at this depth.
A tentacled starspawn appears in a shower of sparks.
Found a book of the Senses.
A tentacle flies out from the starspawn's body!
A starspawn tentacle comes into view.
You see here a book of the Senses.
You pick up a book of the Senses and begin reading...
You add the spells Dazzling Flash, Agony and Silence to your library.
The starspawn tentacle grabs you. The starspawn tentacle constricts you.
The starspawn tentacle's grasp on you weakens, but your attempt to escape fails.
The starspawn tentacle loses its grip on you.
The tentacle pulls you backwards! The starspawn tentacle grabs you.
The starspawn tentacle constricts you.
A starspawn tentacle comes into view.
You escape the starspawn tentacle's grasp.
Okay, then.
Found 28 stones.
The orange demon screeches!
A thrashing horror comes into view.
The thrashing horror roars!
A raiju comes into view.
The raiju barks!
The thrashing horror tramples you!
Ouch! That really hurt!
You die...

#. # h##. .#
.#... .. ..#.#
.##... ##..
.... #..(. ..##
.#.#
###X.##...# #
#.@.#. ...#....
##.....#......#
#.##....# ....
#.....#.# §...#
##..#..##..t§..
##.###.4.#
##.##.###.§4#
#....## §..
#####.# .# .


You could see an orange demon, a thrashing horror and a raiju.

Vanquished Creatures (others)
  2 starspawn tentacles (Abyss:4)
2 creatures vanquished.

Notes
Turn   | Place    | Note
-------+----------+-------------------------------------------
     0 | Abyss:1  | meatgazer the Demonspawn Abyssal Knight began the quest for
                  | the Orb.
     0 | Abyss:1  | Reached XP level 1. HP: 18/18 MP: 2/2
    25 | Abyss:1  | Found a corrupted altar of Lugonu.
   121 | Abyss:4  | Noticed a tentacled starspawn
   146 | Abyss:4  | Noticed an apocalypse crab
   146 | Abyss:4  | Noticed an orange demon
   149 | Abyss:4  | Noticed a thrashing horror
   150 | Abyss:4  | Noticed a raiju
   151 | Abyss:4  | Slain by a thrashing horror

Illustrated notes

Levels and vault maps discovered:
Abyss:4:  base: Temple, hangedman_abyss_river_spirits, minivault_4,
          evilmike_abyss_exit_plants, abyss_exit_lava,
          doesnt_abyss_rune_brain_food

Table legend: (Time is in decaauts)
 A = Elapsed time spent in this place.
 B = Non-inter-level travel time spent in this place.
 C = Inter-level travel time spent in this place.
 D = Time resting spent in this place.
 E = Time spent auto-exploring this place.
 F = Levels seen in this place.
 G = Mean time per level.
                   A        B        C        D        E       F      G
               +--------+--------+--------+--------+--------+-----+--------+
         Total |    150 |    150 |      0 |      0 |     97 |   4 |   37.5 |
         Abyss |    150 |    150 |      0 |      0 |     97 |   4 |   37.5 |
               +--------+--------+--------+--------+--------+-----+--------+

Top non-repeatable levels by time:
 Abyss:1: 97 daAuts
 Abyss:4: 31 daAuts
 Abyss:2: 14 daAuts
 Abyss:3: 6 daAuts
